 Dungeon Crawl Stone Soup version 0.22.1-6-g1668fe2 (console) character file.

8292 erker the Transmogrifier (level 11, -14/78 HPs)
             Began as an Octopode Transmuter on Jan 29, 2019.
             Was an Elder of Cheibriados.
             Hit by a large rock thrown by a cyclops (32 damage)
             ... on level 11 of the Dungeon.
             The game lasted 01:18:20 (12258 turns).

erker the Transmogrifier (Octopode Transmuter)     Turns: 12258, Time: 01:18:21

Health: -14/78     AC:  0    Str: 24    XL:     11   Next: 28%
Magic:  35/37      EV: 15    Int: 25    God:    Cheibriados [****..]
Gold:   484        SH:  0    Dex: 23    Spells: 7/21 levels left

rFire    . . .     SeeInvis .     - Unarmed
rCold    + + +     Gourm    .   (shield currently unavailable)
rNeg     + . .     Faith    .   (helmet currently unavailable)
rPois    +         Spirit   .   (no amulet)
rElec    .         Reflect  .   e - ring of magical power
rCorr    .         Harm     .   i - ring of poison resistance
MR       +....                  s - ring "Eppam" {+Inv rF+ Str+4 Int-3}
Stlth    ++........             y - ring of positive energy
HPRegen  0.23/turn              F - ring of protection from magic
MPRegen  0.25/turn              E - ring of magical power
                                K - ring of protection from cold
                                (no ring)

@: ice-form (expiring), corroded, very slow
A: large, almost no armour, stealthy swim, amphibious, 8 rings, (constrict 8)
a: End Transformation, Bend Time, Temporal Distortion, Slouch, Renounce
Religion, Evoke Invisibility


You were on level 11 of the Dungeon.
You worshipped Cheibriados.
Cheibriados was greatly pleased with you.
You were not hungry.
You were a creature of crystalline ice.
You visited 2 branches of the dungeon, and saw 12 of its levels.
You also visited: Ossuary.

You collected 773 gold pieces.
You spent 289 gold pieces at shops.

Inventory:

Hand Weapons
 b - a +0 spear
 C - a +3 blowgun
Missiles
 a - 135 arrows
 l - 56 poisoned needles
 J - 5 steel tomahawks
 M - 5 needles of confusion
 N - 2 tomahawks (quivered)
 U - 6 curare-tipped needles
Armour
 L - a +2 buckler (melded)
Magical Staves
 q - an uncursed staff of power
Jewellery
 e - a ring of magical power (left front paw)
 i - a ring of poison resistance (right front paw)
 s - the ring "Eppam" (on tentacle) {+Inv rF+ Str+4 Int-3}
   (You found it on level 5 of the Dungeon)

   [ring of protection from fire]

   It affects your strength (+4).
   It affects your intelligence (-3).
   It protects you from fire.
   It lets you turn invisible.
 w - the ring of Bodily Harmony {*Tele rElec rPois Slay-6 Stlth+}
   (You found it on level 6 of the Dungeon)

   [ring of teleportation]

   It may teleport you next to monsters.
   It affects your accuracy and damage with ranged weapons and melee attacks
   (-6).
   It insulates you from electricity.
   It protects you from poison.
   It makes you more stealthy.
 y - a ring of positive energy (on tentacle)
 E - a ring of magical power (on tentacle)
 F - a ring of protection from magic (on tentacle)
 K - a ring of protection from cold (on tentacle)
Wands
 u - a wand of random effects (8)
 x - a wand of paralysis (9)
 P - a wand of clouds (6)
 R - a wand of flame (12)
Scrolls
 d - 11 scrolls of identify
 f - a scroll of noise {unknown}
 g - 2 scrolls of magic mapping
 j - a scroll of fog {unknown}
 k - 4 scrolls of teleportation
 m - 10 scrolls of remove curse
 p - 2 scrolls of amnesia {unknown}
 r - 2 scrolls of blinking {unknown}
 t - a scroll of random uselessness {unknown}
 G - a scroll of fear {unknown}
 I - 2 scrolls of brand weapon {unknown}
 O - 3 scrolls of enchant weapon {unknown}
Potions
 h - 3 potions of haste
 n - 2 potions of brilliance
 o - a potion of curing
 v - a potion of mutation
 z - a potion of resistance {unknown}
 A - a potion of flight {unknown}
 B - a potion of lignification {unknown}
 D - 2 potions of agility {unknown}
 H - a potion of might {unknown}
 Q - a potion of invisibility {unknown}
 S - a potion of berserk rage {unknown}
 T - a potion of magic {unknown}
Comestibles
 c - 24 rations


   Skills:
 - Level 2.5 Fighting
 - Level 6.2 Dodging
 - Level 1.7 Stealth
 - Level 1.8 Shields
 - Level 7.5 Unarmed Combat
 - Level 5.6 Spellcasting
 + Level 3.0 Conjurations
 - Level 2.0 Hexes
 - Level 4.1 Necromancy
 - Level 8.7 Transmutations
 + Level 3.0 Fire Magic
 - Level 4.0 Ice Magic
 - Level 6.0 Invocations


You had 7 spell levels left.
You knew the following spells:

 Your Spells              Type           Power        Failure   Level  Hunger
a - Beastly Appendage     Tmut           ######       1%          1    None
c - Confusing Touch       Hex            ###...       3%          1    None
f - Conjure Flame         Conj/Fire      ###.....     7%          3    #......
t - Sticks to Snakes      Tmut           ######..     1%          2    None
v - Vampiric Draining     Necr           ####......   4%          3    #......
y - Ice Form              Ice/Tmut       #####...     5%          4    ###....

Your spell library contained the following spells:

 Spells                   Type           Power        Failure   Level  Hunger
 Animate Skeleton         Necr           N/A          1%          1    None
 Pain                     Necr           ####         1%          1    None
 Magic Dart               Conj           ###.         2%          1    None
 Spider Form              Tmut/Pois      ####......   3%          3    #......
 Sting                    Conj/Pois      ##..         4%          1    None
 Slow                     Hex            ###.....     4%          2    None
 Blade Hands              Tmut           ######....   6%          5    #####..
 Apportation              Tloc           #.....       8%          1    None
 Summon Small Mammal      Summ           #...         8%          1    None
 Regeneration             Chrm/Necr      ###.......   10%         3    #......
 Blink                    Tloc           N/A          12%         2    None
 Call Imp                 Summ           #.......     12%         2    None
 Poisonous Vapours        Pois/Air       #.....       12%         2    None
 Animate Dead             Necr           N/A          14%         4    ###....
 Mephitic Cloud           Conj/Pois/Air  ##......     16%         3    #......
 Olgreb's Toxic Radiance  Pois           #.......     61%         4    ###....
 Venom Bolt               Conj/Pois      ##........   75%         5    #####..


Dungeon Overview and Level Annotations

Branches:
Dungeon (11/15)            Temple (1/1) D:5             Orc (0/2) D:10
   Lair: D:8-11

Altars:
Ashenzari
Cheibriados
Dithmenos
Elyvilon
Fedhas
Gozag
Hepliaklqana
Kikubaaqudgha
Makhleb
Nemelex Xobeh
Okawaru
Qazlal
Ru
Sif Muna
Trog
Uskayaw
Vehumet
Wu Jian
Xom
Yredelemnul
Zin
The Shining One

Shops:
D:5 *   D:6 (=([!

Annotations:
D:4 3 runed doors, Kairos's ghost, amateur FoFi
D:5 2 runed doors, w0lly's ghost, novice HOMo
D:7 exclusion: statue


Innate Abilities, Weirdness & Mutations

You cannot wear most types of armour.
You are very stealthy in the water. (Stealth+)
You are amphibious.
You can wear up to eight rings at the same time.
((You can use your tentacles to constrict eight enemies at once.))
((Your skin changes colour to match your surroundings (Stealth+).))
((Your rubbery body absorbs attacks. (AC +1, EV +1)))


Message History

You hear an angry buzzing noise.
Your adder closely misses the acid dragon.
The acid dragon barely misses you. The acid dragon claws you.
Your adder bites the acid dragon.
A cyclops comes into view.
Your adder bites the acid dragon.
The acid dragon spits acid at you. The splash of acid hits you!
* * * LOW HITPOINT WARNING * * *
The acid corrodes you!
You are splashed with acid!
The acid burns!
* * * LOW HITPOINT WARNING * * *
You see here a bullfrog corpse.
Your adder bites the acid dragon.
The acid dragon is poisoned.
Your adder poisons the acid dragon!
Your adder bites the acid dragon.
The acid dragon bites your adder! The acid dragon claws your adder.
Your adder dies!
Your adder bites the acid dragon but does no damage.
You feel better.
Your adder bites the acid dragon.
The cyclops throws a large rock.
The large rock hits you!!
You die...

.............
.[........#.# .
............#.
..<.....#....
...........#
..........####.
..............#
.......Y.#
.##....D†######
#C...[.S)†...#
....##...####<#
.#. ##..## #.####
# #...###....#
#....#####.### #
###......#...#####
##.....###.....#


You could see a cyclops, an acid dragon and a friendly adder.

Vanquished Creatures
  Sonja (D:11)
  An unseen horror (D:10)
  Grinder (D:3)
  3 hippogriffs
  Sigmund (D:3)
  2 wraiths (D:10)
  A wyvern (D:10)
  A shadow (D:11)
  5 yaks (D:10)
  A black bear (D:7)
  An orc warrior (D:8)
  3 phantoms
  A sky beast (D:10)
  6 ogres
  5 centaurs
  2 big kobolds
  3 elf zombies (Ossuary)
  Blork the orc (D:6)
  3 bullfrogs (D:11)
  A wyvern zombie (D:9)
  A gnoll sergeant (D:10)
  4 scorpions
  A killer bee (D:11)
  5 wights
  A howler monkey (D:7)
  5 crimson imps
  A bullfrog zombie (D:5)
  A human zombie (Ossuary)
  2 jellies
  2 quasits
  2 orc priests
  4 hounds
  A centaur skeleton (D:6)
  4 orc wizards
  2 iguanas
  Natasha (D:3)
  10 worker ants
  A hell rat (D:9)
  A killer bee zombie (D:6)
  A big kobold zombie (Ossuary)
  A hound zombie (Ossuary)
  2 hound skeletons
  4 mummies (Ossuary)
  A howler monkey zombie (D:7)
  2 worker ant zombies (D:5)
  A howler monkey skeleton (D:7)
  12 adders
  5 gnolls
  A shadow imp (D:9)
  2 adder skeletons
  3 worms
  3 dart slugs
  7 leopard geckos
  26 orcs
  A ball python (D:1)
  4 giant cockroaches
  7 hobgoblins
  A jackal (D:6)
  13 kobolds
  5 quokkas
  6 bats
  6 frilled lizards
  A giant cockroach zombie (D:5)
  6 goblins
  A jackal skeleton (D:4)
  2 jackal zombies (Ossuary)
  2 kobold zombies (Ossuary)
  An orc zombie (Ossuary)
  5 rats
  A rat zombie (Ossuary)
  A spectral orc (D:6)
226 creatures vanquished.

Vanquished Creatures (collateral kills)
  Josephine (D:10)
  A troll (D:10)
  A wraith (D:10)
  5 ogres
  A gnoll sergeant (D:10)
  A wyvern skeleton (D:8)
  2 wights (D:10)
  An orc priest (D:8)
  A gnoll shaman (D:8)
  2 orc wizards (D:4)
  3 gnolls
  5 orcs
24 creatures vanquished.

Grand Total: 250 creatures vanquished

Notes
Turn   | Place    | Note
-------+----------+-------------------------------------------
     0 | D:1      | erker the Octopode Transmuter began the quest for the Orb.
     0 | D:1      | Reached XP level 1. HP: 13/13 MP: 3/3
   122 | D:1      | Reached XP level 2. HP: 16/18 MP: 1/5
   165 | D:1      | Found a shattered altar of Ashenzari.
   241 | D:1      | Learned a level 2 spell: Sticks to Snakes
  1125 | D:2      | Reached skill level 3 in Transmutations
  1125 | D:2      | Reached XP level 3. HP: 23/23 MP: 6/6
  1328 | D:2      | Found a sparkling altar of Nemelex Xobeh.
  2133 | D:3      | Found a shadowy altar of Dithmenos.
  2196 | D:3      | Noticed Grinder
  2327 | D:3      | Noticed Sigmund
  2337 | D:3      | Killed Sigmund
  2337 | D:3      | Reached skill level 5 in Transmutations
  2337 | D:3      | Reached XP level 4. HP: 28/28 MP: 8/8
  2337 | D:3      | Reached XP level 5. HP: 33/33 MP: 9/9
  2343 | D:3      | Learned a level 4 spell: Ice Form
  2437 | D:3      | Found a bloodstained altar of Trog.
  2472 | D:3      | Noticed Natasha
  2481 | D:3      | Killed Natasha
  2481 | D:3      | Reached skill level 1 in Ice Magic
  2481 | D:3      | Reached XP level 6. HP: 26/38 MP: 10/10
  2734 | D:3      | Found an iron altar of Okawaru.
  2819 | D:3      | Paralysed by Grinder for 7 turns
  2852 | D:3      | Killed Grinder
  3246 | D:4      | Reached XP level 7. HP: 33/43 MP: 11/11
  3662 | D:4      | Found a runed gate.
  3662 | D:4      | Found a runed gate.
  3662 | D:4      | Found a runed gate.
  3664 | D:4      | Noticed Kairos's ghost (amateur FoFi)
  3889 | D:4      | Found a deep blue altar of Sif Muna.
  4026 | D:5      | Entered Level 5 of the Dungeon
  4076 | D:5      | Found a hazy altar of Hepliaklqana.
  4076 | D:5      | Found an opulent altar of Gozag.
  4080 | D:5      | Found a sacrificial altar of Ru.
  4245 | D:5      | Found a burning altar of Makhleb.
  4269 | D:5      | Reached XP level 8. HP: 48/48 MP: 13/13
  4275 | D:5      | Reached skill level 6 in Transmutations
  4342 | D:5      | Found a runed door.
  4342 | D:5      | Noticed w0lly's ghost (novice HOMo)
  4343 | D:5      | Found Horeawn's General Store.
  4348 | D:5      | Bought a potion of curing for 30 gold pieces
  4348 | D:5      | Bought a scroll of remove curse for 30 gold pieces
  4348 | D:5      | Bought a potion of heal wounds for 50 gold pieces
  4348 | D:5      | Bought a scroll of identify for 20 gold pieces
  4480 | D:5      | Got a steaming bone ring
  4481 | D:5      | Identified the ring "Eppam" {+Inv rF+ Str+4 Int-3} (You
                  | found it on level 5 of the Dungeon)
  4514 | D:5      | Found a runed door.
  4678 | D:5      | Found a staircase to the Ecumenical Temple.
  4768 | D:6      | Found Leggepp's Distillery.
  4903 | D:6      | Found Xakkinla's Armour Boutique.
  4918 | D:6      | Bought a potion of mutation for 96 gold pieces
  4977 | D:6      | Found Balatuog's Weapon Shop.
  5322 | Temple   | Entered the Ecumenical Temple
  5403 | Temple   | Became a worshipper of Cheibriados the Contemplative
  5448 | D:6      | Reached skill level 5 in Unarmed Combat
  5527 | D:6      | Found a basalt altar of Yredelemnul.
  5561 | D:6      | Found Idim's Jewellery Boutique.
  5570 | D:6      | Bought a cursed ring of attention for 63 gold pieces
  5708 | D:6      | Found Komeacw's Weapon Shoppe.
  5719 | D:6      | Got a twitching amber ring
  5720 | D:6      | Identified the ring of Bodily Harmony {*Tele rElec rPois
                  | Slay-6 Stlth+} (You found it on level 6 of the Dungeon)
  5923 | D:6      | Noticed Blork the orc
  5933 | D:6      | Killed Blork the orc
  6265 | D:7      | Found a sand-covered staircase.
  6273 | Ossuary  | Entered an ossuary
  6280 | Ossuary  | Reached * piety under Cheibriados
  6301 | Ossuary  | Reached XP level 9. HP: 29/54 MP: 15/15
  6331 | Ossuary  | Reached skill level 7 in Transmutations
  7009 | D:7      | Found a radiant altar of Vehumet.
  7091 | D:7      | Found a bloodstained altar of Trog.
  7096 | D:7      | Found a radiant altar of Vehumet.
  7110 | D:7      | Reached skill level 5 in Dodging
  7137 | D:7      | Reached skill level 1 in Invocations
  7145 | D:7      | Learned a level 1 spell: Confusing Touch
  7149 | D:7      | Learned a level 3 spell: Vampiric Draining
  7374 | D:7      | Reached ** piety under Cheibriados
  7377 | D:7      | Reached skill level 1 in Necromancy
  7470 | D:7      | Found an opulent altar of Gozag.
  7525 | D:7      | Noticed a red ugly thing
  8157 | D:8      | Reached skill level 1 in Hexes
  8689 | D:8      | Reached *** piety under Cheibriados
  8705 | D:8      | Reached XP level 10. HP: 51/60 MP: 17/17
  9123 | D:9      | Reached skill level 5 in Spellcasting
  9424 | D:9      | Noticed a death yak
  9427 | D:9      | Noticed a death yak
  9427 | D:9      | Noticed a death yak
  9540 | D:10     | Entered Level 10 of the Dungeon
 10058 | D:10     | Reached skill level 1 in Stealth
 10060 | D:10     | Reached **** piety under Cheibriados
 10128 | D:10     | Found a staircase to the Orcish Mines.
 10132 | D:10     | Reached skill level 8 in Transmutations
 10179 | D:10     | Reached skill level 5 in Invocations
 10624 | D:10     | Noticed Josephine
 10641 | D:10     | Killed Josephine
 10641 | D:10     | Reached skill level 1 in Shields
 11235 | D:10     | Killed an unseen horror
 11235 | D:10     | Reached XP level 11. HP: 26/65 MP: 19/19
 11595 | D:10     | Learned a level 3 spell: Conjure Flame
 11617 | D:10     | Reached skill level 1 in Conjurations
 11617 | D:10     | Reached skill level 1 in Fire Magic
 11843 | D:11     | Noticed Sonja
 11853 | D:11     | Killed Sonja
 12256 | D:11     | Noticed a cyclops
 12258 | D:11     | Hit by a large rock thrown by a cyclops

Skill      XL: |  1  2  3  4  5  6  7  8  9 10 11 |
---------------+----------------------------------+-----
Transmutations | 3 5 6 7 8 |  8.7
Ice Magic      | 1 3 4 |  4.0
Spellcasting   | 3 4 5 |  5.6
Unarmed Combat | 4 5 6 7 |  7.5
Dodging        | 4 5 6 |  6.2
Fighting       | 2 |  2.5
Invocations    | 2 6 |  6.0
Necromancy     | 2 4 |  4.1
Hexes          | 2 |  2.0
Stealth        | 1 |  1.7
Shields        | 1 |  1.8
Conjurations   | 3 |  3.0
Fire Magic     | 3 |  3.0

Action                   |  1- 3 |  4- 6 |  7- 9 | 10-12 || total
-------------------------+-------+-------+-------+-------++-------
Melee: Unarmed           |    95 |    59 |   314 |   157 ||   625
       Constrict         |    19 |    10 |    12 |     5 ||    46
       Kick              |    18 |     4 |     1 |       ||    23
       Tentacles         |     8 |     9 |    10 |     6 ||    33
       Punch             |       |       |       |     1 ||     1
Throw: Tomahawk          |       |       |     2 |     1 ||     3
 Cast: Beastly Appendage |    16 |     3 |     1 |       ||    20
       Sticks to Snakes  |     2 |     4 |    23 |    37 ||    66
       Ice Form          |       |     2 |    34 |    21 ||    57
       Vampiric Draining |       |       |     7 |     6 ||    13
       Confusing Touch   |       |       |       |     5 ||     5
       Conjure Flame     |       |       |       |     1 ||     1
Invok: Slouch            |       |       |       |     1 ||     1
Evoke: Wand              |       |       |     1 |     2 ||     3
  Use: Scroll            |       |       |     4 |     2 ||     6
       Potion            |       |       |     3 |     5 ||     8
 Stab: Sleeping          |    13 |     3 |     5 |     4 ||    25
       Distracted        |       |       |     1 |     3 ||     4
       Confused          |       |       |       |     1 ||     1
  Eat: Chunk             |     5 |     3 |    18 |    10 ||    36
       Ration            |       |       |     1 |       ||     1
Armor: Skin              |     7 |     4 |   126 |    32 ||   169
Dodge: Dodged            |    49 |    28 |   254 |   135 ||   466
